 Dungeon Crawl Stone Soup version 0.29.1-15-g9cfb28693d (webtiles) character file.

Game seed: 5249591657401443754

49 Eitelfritz the Trooper (level 3, -1/33 HPs)
             Began as a Hill Orc Fighter on Apr 1, 2023.
             Succumbed to Jessica's poison
             ... on level 2 of the Dungeon.
             The game lasted 00:03:35 (1791 turns).

Eitelfritz the Trooper (Hill Orc Fighter)           Turns: 1791, Time: 00:03:35

Health: -1/33      AC: 12    Str: 20    XL:     3   Next: 77%
Magic:  3/3        EV:  5    Int:  8    God:
Gold:   97         SH:  4    Dex: 10    Spells: 2/2 levels left

rFire   . . .      SeeInvis .   a - +0 war axe
rCold   . . .      Faith    .   c - +0 buckler
rNeg    . . .      Spirit   .   g - +0 plate armour
rPois   .          Reflect  .   i - +0 helmet
rElec   .          Harm     .   (no cloak)
rCorr   .          Rampage  .   (no gloves)
Will    .....                   (no boots)
Stlth   ..........              (no amulet)
HPRegen 0.11/turn               (no ring)
MPRegen 0.08/turn               (no ring)

@: mighty, lethally poisoned (-1 -> -26)
A: no striking features
a: no special abilities


You were on level 2 of the Dungeon.
You visited 1 branch of the dungeon, and saw 2 of its levels.

You collected 97 gold pieces.

Inventory:

Hand Weapons
 a - a +0 war axe (weapon)
 b - a +0 sling
 e - a +0 flail
Armour
 c - a +0 buckler (worn)
 g - a +0 plate armour (worn)
 h - a +0 scale mail
 i - a +0 helmet (worn)
Scrolls
 j - a scroll of silence {unknown}
 k - a scroll of enchant armour {unknown}
 n - 2 scrolls of fog {unknown}
Potions
 f - 2 potions of mutation {unknown}
 l - a potion of cancellation {unknown}
 m - a potion of heal wounds {unknown}
 o - 2 potions of magic {unknown}


   Skills:
 + Level 4.2 Fighting
 + Level 3.4 Axes
 + Level 3.8 Armour
 + Level 0.1 Dodging
 + Level 3.7 Shields


You had 2 spell levels left.
You didn't know any spells.
Your spell library was empty.

Dungeon Overview and Level Annotations

Branches:
Dungeon (2/15)

Altars:
Okawaru

Shops:
D:1 (*[


Message History

You kill the endoplasm!
Things that are here:
a +0 dagger; 3 stones; a kobold corpse You see here a +0 quarterstaff.
Jessica the Apprentice Sorceress comes into view.
She is wielding a +0 dagger of venom.
Jessica shouts!
Jessica hits you but does no damage.
You are poisoned.
You barely miss Jessica.
You feel very sick.
Jessica gestures wildly while chanting.
Jessica blinks!
You feel sick.
You closely miss Jessica.
You feel sick. Jessica barely misses you. Jessica hits you but does no damage.
You are more poisoned.
You hit Jessica.
Jessica is moderately wounded.
You feel very sick. Jessica barely misses you.
You hit Jessica.
Jessica is severely wounded.
You feel very sick. Jessica hits you but does no damage.
You are more poisoned.
You barely miss Jessica.
Jessica is severely wounded.
You feel very sick. Jessica hits you but does no damage.
You are lethally poisoned!
Jessica hits you but does no damage.
You are more poisoned.
You feel very mighty all of a sudden.
You feel extremely sick. Jessica gestures at you while chanting.
Pain shoots through your body!
* * * LOW HITPOINT WARNING * * *
You slice Jessica!!
You kill Jessica!
You die...

#### ..# #+# #
#.# #.#
#.##.######.#
#...........##
#
####.#####...##
#.####.#
#.....#
#.)@...#
##...##
########
##..#####
#.).....
#.###### #.#
#.# #.# #)#
########## #.#


There were no monsters in sight!

Vanquished Creatures
  Jessica (D:2)
  2 worms (D:2)
  A dart slug (D:2)
  An orc (D:2)
  4 ball pythons
  7 endoplasms
  6 goblins (D:1)
  3 hobgoblins
  8 kobolds
  A quokka (D:1)
  A bat (D:1)
  2 frilled lizards
  A rat (D:2)
38 creatures vanquished.

Vanquished Creatures (others)
  A fungus (D:1)
  A plant (D:1)
2 creatures vanquished.

Grand Total: 40 creatures vanquished

Notes
Turn   | Place    | Note
-------+----------+-------------------------------------------
     0 | D:1      | Eitelfritz the Hill Orc Fighter began the quest for the
                  | Orb.
     0 | D:1      | Reached XP level 1. HP: 19/19 MP: 1/1
   276 | D:1      | Found a faded altar of an unknown god.
   302 | D:1      | Found Notofeish's Armour Emporium.
   306 | D:1      | Reached XP level 2. HP: 27/27 MP: 2/2
   453 | D:1      | Found Obumyl's General Store.
   465 | D:1      | Found Rida's Weapon Boutique.
   563 | D:1      | Reached skill level 4 in Fighting
  1037 | D:1      | Reached XP level 3. HP: 29/33 MP: 3/3
  1713 | D:2      | Found an iron altar of Okawaru.
  1781 | D:2      | Noticed Jessica
  1791 | D:2      | Killed Jessica
  1791 | D:2      | Succumbed to Jessica's poison

Illustrated notes

Levels and vault maps discovered:
D:1:      roderic_chinese_lattice_arrival, layout_rooms,
          shapermc_ecumenical_altar_mp_ritualfount, serial_shops,
          nicolae_shop_bloodbath_and_beyond, shop, nicolae_lakefront_shop
D:2:      layout_loops_corners, basic_altar, uniq_jessica

Skill      XL: |  1  2  3 |
---------------+----------+-----
Fighting       | 4 |  4.2
Axes           | 3 |  3.4
Armour         | |  3.8
Dodging        | |  0.1
Shields        | |  3.7

Action                   || total
-------------------------++-------
Melee: War axe           ||   120
  Use: Potion            ||     1
Armor: Scale mail        ||     9
       Plate armour      ||    94
Dodge: Dodged            ||    24
Block: Buckler           ||    26
